 Dungeon Crawl Stone Soup version 0.21.0-25-ge575cb9 (webtiles) character file.

322 Mgcat the Ruffian (level 6, -3/54 HPs)
             Began as a Troll Transmuter on Jan 23, 2018.
             Killed by divine providence
             ... invoked by an orc priest
              (15 damage)
             ... on level 4 of the Dungeon.
             The game lasted 00:03:46 (2126 turns).

Mgcat the Ruffian (Troll Transmuter)                Turns: 2126, Time: 00:03:47

Health: -3/54      AC:  6    Str: 19    XL:     6   Next: 22%
Magic:  8/8        EV: 10    Int: 11    God:
Gold:   216        SH:  0    Dex: 10    Spells: 9/10 levels left

rFire    . . .     SeeInvis .     - Unarmed
rCold    . . .     Gourm    +   (no shield)
rNeg     . . .     Faith    .   b - +0 robe
rPois    .         Spirit   .   (helmet restricted)
rElec    .         Reflect  .   o - +0 cloak
rCorr    .         Harm     .   (gloves unavailable)
MR       .....                  (boots unavailable)
Stlth    +.........             (no amulet)
HPRegen  0.58/turn              (no ring)
MPRegen  0.11/turn              (no ring)

@: drained
A: large, unfitting armour, claws 3, fast metabolism 3, gourmand, regeneration
1, shaggy fur 1, tough skin 2
a: no special abilities


You were on level 4 of the Dungeon.
You were completely stuffed.

You visited 1 branch of the dungeon, and saw 4 of its levels.

You collected 216 gold pieces.

Inventory:

Missiles
 a - 12 arrows
Armour
 b - a +0 robe (worn)
 o - a +0 cloak (worn)
Wands
 n - a wand of flame (24)
Scrolls
 e - 2 scrolls of amnesia {unknown}
 f - 2 scrolls of blinking {unknown}
 g - 6 scrolls of identify {unknown}
 k - 3 scrolls of teleportation {unknown}
 l - a scroll of enchant weapon {unknown}
 m - 2 scrolls of immolation {unknown}
Potions
 h - a potion of curing {unknown}
 i - 2 potions of magic {unknown}
 j - 2 potions of haste {unknown}
 q - a potion of brilliance {unknown}
Books
 c - a book of Changes

   Spells                             Type                      Level
   a - Beastly Appendage              Transmutation                1
   b - Sticks to Snakes               Transmutation                2
   c - Spider Form                    Transmutation/Poison         3
   d - Ice Form                       Ice/Transmutation            4
   e - Blade Hands                    Transmutation                5
Comestibles
 d - 9 rations
 p - a chunk of flesh


   Skills:
 - Level 0.7(0.6) Fighting
 - Level 1.5 Dodging
 + Level 4.7(4.6) Unarmed Combat
 + Level 2.5 Spellcasting
 + Level 3.1(3.0) Transmutations


You had 9 spell levels left.
You knew the following spells:

 Your Spells              Type           Power        Failure   Level  Hunger
a - Beastly Appendage     Tmut           #.....       8%          1    ##.....


Dungeon Overview and Level Annotations

Branches:
Dungeon (4/15)
 Temple: D:4-7

Altars:

Annotations:
D:4 Mgcat's ghost, amateur TrTm


Innate Abilities, Weirdness & Mutations

You are too large for most types of armour.
You have claws for hands.
Your metabolism is lightning-fast.
You like to eat raw meat.
Your natural rate of healing is unusually fast.
You are covered in fur. (AC +1)
You have very tough skin. (AC +2)


Message History

Mgcat's ghost is moderately damaged.
Mgcat's ghost hits you!
You scratch Mgcat's ghost but do no damage.
Mgcat's ghost is moderately damaged.
Mgcat's ghost hits you!!
A jackal comes into view.
The jackal barks!
A jackal comes into view.
The jackal barks!
Unknown command.
Mgcat's ghost hits you!
* * * LOW HITPOINT WARNING * * *
An orc warrior comes into view. It is wielding a mace of protection.
Mgcat's ghost hits you.
* * * LOW HITPOINT WARNING * * *
An orc priest comes into view. It is wielding a club.
There is a stone staircase leading up here.
The orc priest mumbles some strange prayers to Beogh against you.
Beogh smites you!
You die...

#... ..........
#.≈.##........# .
#...#.........# .h
#.≈.#.........#
..h#...#.........#
...≈.≈.≈.........#
..$.≈.≈..........#
#./h.h..hW@....#
#.#####........#
#...o....#
#..>.....#
......###.......
#####. #.#######
#. #o# #. ... #.
..


You could see an orc warrior, an orc priest, Mgcat's ghost and 3 jackals.

Vanquished Creatures
  The ghost of Agrougrou the Insei, a weakling OpTm (D:3)
  A crimson imp (D:3)
  An orc priest (D:3)
  An iguana (D:3)
  6 gnolls
  6 adders
  2 oozes
  A worm (D:2)
  2 dart slugs
  2 leopard geckos
  8 orcs (D:3)
  9 bats
  A giant cockroach (D:2)
  5 goblins
  6 hobgoblins
  A quokka (D:3)
  A ball python (D:3)
  A frilled lizard (D:3)
  8 kobolds
  4 rats
67 creatures vanquished.

Notes
Turn   | Place    | Note
-------+----------+-------------------------------------------
     0 | D:1      | Mgcat the Troll Transmuter began the quest for the Orb.
     0 | D:1      | Reached XP level 1. HP: 18/18 MP: 1/1
   139 | D:1      | Reached XP level 2. HP: 22/26 MP: 3/3
   631 | D:2      | Reached XP level 3. HP: 19/32 MP: 4/4
   887 | D:2      | Reached XP level 4. HP: 37/40 MP: 5/5
  1329 | D:3      | Noticed Agrougrou's ghost (weakling OpTm)
  1335 | D:3      | Killed Agrougrou's ghost
  1335 | D:3      | Reached skill level 4 in Unarmed Combat
  1335 | D:3      | Reached XP level 5. HP: 36/46 MP: 7/7
  1800 | D:3      | Reached XP level 6. HP: 47/54 MP: 8/8
  2117 | D:4      | Noticed Mgcat's ghost (amateur TrTm)
  2123 | D:4      | Noticed an orc warrior
  2126 | D:4      | Killed from afar by an orc priest

Skill      XL: |  1  2  3  4  5 |
---------------+----------------+-----
Transmutations | 2 3 |  3.1
Spellcasting   | 2 |  2.5
Unarmed Combat | 4 |  4.7
Fighting       | |  0.7
Dodging        | |  1.5

Action                   |  1- 3 |  4- 6 || total
-------------------------+-------+-------++-------
Melee: Unarmed           |    80 |   102 ||   182
       Punch             |       |     3 ||     3
       Kick              |       |     1 ||     1
 Cast: Beastly Appendage |       |     1 ||     1
 Stab: Sleeping          |       |     1 ||     1
  Eat: Chunk             |    11 |    14 ||    25
Armor: Robe              |    27 |    30 ||    57
Dodge: Dodged            |    41 |    44 ||    85
